 Dungeon Crawl Stone Soup version 0.29-a0-297-g7659ce593d (webtiles) character file.

Game seed: 16123413113251830570

85 kae the Firebug (level 4, -2/25 HPs)
             Began as a Tengu Fire Elementalist on Mar 20, 2022.
             Slain by an orc
             ... wielding a +0 whip
              (5 damage)
             ... on level 3 of the Dungeon.
             The game lasted 00:01:00 (3649 turns).

kae the Firebug (Tengu Fire Elementalist)           Turns: 3649, Time: 00:01:01

Health: -2/25      AC:  3    Str:  8    XL:     4   Next: 48%
Magic:  3/8        EV: 12    Int: 17    God:
Gold:   133        SH:  0    Dex: 15    Spells: 2/8 levels left

rFire   . . .      SeeInvis .   (no weapon)
rCold   . . .      Faith    .   (no shield)
rNeg    . . .      Spirit   .   a - +0 robe
rPois   .          Reflect  .   (helmet restricted)
rElec   .          Harm     .   c - +0 cloak
rCorr   .          Rampage  .   (no gloves)
Will    .....                   (boots unavailable)
Stlth   ++........              (no amulet)
HPRegen 0.08/turn               (no ring)
MPRegen 0.11/turn               (no ring)

@: no status effects
A: beak, talons 3
a: no special abilities


You were on level 3 of the Dungeon.
You visited 1 branch of the dungeon, and saw 3 of its levels.

You collected 133 gold pieces.

Inventory:

Armour
 a - a +0 robe (worn)
 c - a +0 cloak (worn)
Jewellery
 d - a +4 ring of protection
Scrolls
 h - a scroll of identify
 l - 2 scrolls of teleportation
Potions
 b - a potion of magic
 e - a potion of brilliance {unknown}
 f - a potion of resistance
 g - a potion of ambrosia {unknown}
 i - a potion of curing {unknown}
 j - a potion of invisibility {unknown}
 k - a potion of might {unknown}
 m - a potion of mutation {unknown}


   Skills:
 + Level 1.5 Fighting
 - Level 2.1 Dodging
 - Level 2.0 Stealth
 + Level 2.5 Spellcasting
 + Level 2.7 Conjurations
 * Level 4.3 Fire Magic


You had 2 spell levels left.
You knew the following spells:

 Your Spells              Type           Power      Damage    Failure   Level
a - Foxfire               Conj/Fire      56%        2x1d6     4%          1
b - Scorch                Fire           34%        2d6       4%          2
c - Conjure Flame         Conj/Fire      14%        6-21      13%         3

Your spell library contained the following spells:

 Spells                   Type           Power      Damage    Failure   Level
 Inner Flame              Hex/Fire       9%         N/A       22%         3
 Flame Wave               Conj/Fire      14%        2d6       38%         4


Dungeon Overview and Level Annotations

Branches:
Dungeon (3/15)

Altars:
Xom


Innate Abilities, Weirdness & Mutations

You have a beak for a mouth.
You have claws for feet.


Message History

The foxfire hits the goblin.
The goblin is heavily wounded.
The goblin barely misses you.
Casting: Foxfire (safe; 4% risk of failure)
Confirm with . or Enter, or press ? or * to list all spells.
You conjure some foxfire!
The orc closely misses you.
The orc hits your foxfire with a +0 hand axe.
The orc closely misses your foxfire.
The foxfire hits the orc.
The orc is heavily wounded.
The goblin hits you but does no damage.
The foxfire hits the orc.
The orc is heavily wounded.
The orc hits you but does no damage. The goblin closely misses you.
Casting: Foxfire (safe; 4% risk of failure)
Confirm with . or Enter, or press ? or * to list all spells.
You conjure some foxfire!
The orc hits you with a +0 hand axe. The orc closely misses your foxfire.
The orc hits your foxfire with a +0 hand axe.
The orc hits you but does no damage. The goblin closely misses you.
The foxfire hits the orc.
The orc is almost dead.
The foxfire hits the orc.
You kill the orc!
The goblin hits you but does no damage.
An orc comes into view. It is wielding a +0 mace.
The orc completely misses you.
Casting: Foxfire (safe; 4% risk of failure)
Confirm with . or Enter, or press ? or * to list all spells.
You conjure some foxfire!
The orc hits you with a +0 flail!
* * * LOW HITPOINT WARNING * * *
The goblin hits you with a +0 dagger.
* * * LOW HITPOINT WARNING * * *
The orc hits you with a +0 whip.
* * * LOW HITPOINT WARNING * * *
The foxfire hits the orc.
The orc is heavily wounded.
The foxfire hits the goblin.
You kill the goblin!
The orc hits you with a +0 whip.
You die...

..#
..#..###≈≈..≈°≈ ..
....#.......≈≈.≈≈.
...
..#....#.§)§...§.
#.. #..
#...######§#
..##..##...†.†<#
..#..#....#######
....#..........
.##o.#..#######
#)@.#.#
......oo..##
.#####.....#
.........
............
####.#...!.##
#.####### ..


You could see 3 orcs.

Vanquished Creatures
  2 adders
  A worm (D:2)
  A dart slug (D:1)
  3 orcs (D:3)
  5 endoplasms
  5 giant cockroaches (D:1)
  3 goblins
  5 hobgoblins (D:1)
  7 jackals
  3 kobolds
  2 quokkas (D:1)
  5 ball pythons
  5 bats
  3 frilled lizards
  6 rats
56 creatures vanquished.

Vanquished Creatures (collateral kills)
  A foxfire (D:1)
1 creature vanquished.

Vanquished Creatures (others)
  An adder (D:3)
  A rat (D:3)
  184 foxfires
  A plant (D:1)
187 creatures vanquished.

Grand Total: 244 creatures vanquished

Notes
Turn   | Place    | Note
-------+----------+-------------------------------------------
     0 | D:1      | kae the Tengu Fire Elementalist began the quest for the
                  | Orb.
     0 | D:1      | Reached XP level 1. HP: 10/10 MP: 4/4
   531 | D:1      | Reached XP level 2. HP: 14/16 MP: 1/6
  1107 | D:1      | Reached XP level 3. HP: 20/20 MP: 4/7
  1110 | D:1      | Learned a level 2 spell: Scorch
  1114 | D:1      | Learned a level 3 spell: Conjure Flame
  1334 | D:1      | Reached skill level 1 in Fighting
  1636 | D:1      | Found a faded altar of an unknown god.
  1746 | D:1      | Reached skill level 4 in Fire Magic
  3026 | D:2      | Reached XP level 4. HP: 25/25 MP: 5/8
  3538 | D:3      | Found a shimmering altar of Xom.
  3649 | D:3      | Slain by an orc

Illustrated notes

Levels and vault maps discovered:
D:1:      dpeg_arrival_round_c, layout_basic, shapermc_ecumenical_altar_pompeii,
          chequers_big_river
D:2:      layout_basic, minmay_misc_feat_rows
D:3:      layout_basic, overflow_temple_1_default, xom_confusion_cloud,
          minivault_26, minmay_misc_feat_diagonals

Skill      XL: |  1  2  3 |
---------------+----------+-----
Conjurations   | 2 |  2.7
Fighting       | 1 |  1.5
Fire Magic     | 4 |  4.3
Dodging        | |  2.1
Stealth        | |  2.0
Spellcasting   | |  2.5

Action                   |  1- 3 |  4- 6 || total
-------------------------+-------+-------++-------
Melee: Unarmed           |    25 |     2 ||    27
       Kick              |     9 |       ||     9
       Peck              |     5 |     1 ||     6
 Cast: Foxfire           |    87 |    24 ||   111
  Use: Scroll            |     3 |       ||     3
Armor: Robe              |    15 |     6 ||    21
Dodge: Dodged            |    33 |     7 ||    40

Table legend: (Time is in decaauts)
 A = Elapsed time spent in this place.
 B = Non-inter-level travel time spent in this place.
 C = Inter-level travel time spent in this place.
 D = Time resting spent in this place.
 E = Time spent auto-exploring this place.
 F = Levels seen in this place.
 G = Mean time per level.
                   A        B        C        D        E       F      G
               +--------+--------+--------+--------+--------+-----+--------+
         Total |   3659 |   3548 |    111 |    120 |   3053 |   3 | 1219.7 |
       Dungeon |   3659 |   3548 |    111 |    120 |   3053 |   3 | 1219.7 |
               +--------+--------+--------+--------+--------+-----+--------+

Top non-repeatable levels by time:
     D:1: 2307 daAuts
     D:2: 1192 daAuts
     D:3: 159 daAuts
